Map: Port Aleksander LE

Players

Lambo - Winner!

  • Race: Zerg Zerg
  • League: Grandmaster
  • Spawn Location: 5:00

LiquidTLO (TLO)

  • Race: Zerg Zerg
  • League: Grandmaster
  • Spawn Location: 11:00

VOD

Have the link to the VOD?

Description

Time

  • Played on: Jan. 10, 2019, 10:56 a.m.
  • Length: 18:23
Show
View Real Time Build Order
Export as new Build Order

Lambo Zerg - Winner!

Build Orders: Hatch First 

Get SALT Encoding   

  12  0:02  Drone  
  13  0:13  Overlord  
  13  0:18  Drone  
  14  0:31  Drone x2  
  16  0:50  Hatchery  
  16  0:53  Drone  
  16  0:56  Drone  
  17  1:01  Drone  
  18  1:10  Extractor  
  17  1:16  Spawning Pool  
  16  1:19  Drone  
  16  1:22  Drone  
  18  1:30  Drone  
  19  1:39  Drone  
  20  1:52  Drone  
  21  2:01  Drone  
  21  2:02  Queen x2  
  21  2:03  Overlord  
  26  2:12  Metabolic Boost  
  26  2:14  Drone  
  26  2:15  Drone  
  28  2:23  Zergling x4  
  30  2:36  Hatchery  
  29  2:41  Drone  
  29  2:43  Drone  
  31  2:47  Drone  
  32  2:51  Baneling Nest  
  32  2:54  Overlord  
  32  2:57  Drone  
  32  3:03  Drone  
  33  3:11  Drone  
  33  3:12  Drone x2  
  36  3:13  Drone x2  
  36  3:14  Zergling x2  
  39  3:24  Zergling x4  
  39  3:26  Drone x2  
  43  3:32  Evolution Chamber  
  43  3:33  Overlord  
  41  3:35  Baneling  
  41  3:36  Baneling  
  41  3:40  Zergling x2  
  41  3:41  Baneling  
  42  3:44  Queen  
  44  3:54  Drone  
  44  3:57  Drone x4  
  44  3:58  Drone x2  
  44  3:59  Overlord, Drone  
  51  4:06  Drone  
  52  4:10  Zerg Melee Weapons Level 1  
  52  4:11  Drone x2  
  52  4:12  Extractor  
  52  4:13  Extractor  
  52  4:19  Drone x2  
  52  4:20  Drone x3  
  52  4:21  Drone  
  58  4:25  Overlord  
  57  4:31  Drone x4  
  61  4:39  Overlord  
  61  4:42  Overlord  
  61  4:44  Lair  
  61  4:50  Drone  
  61  4:51  Drone  
  61  4:52  Roach Warren  
  62  4:53  Extractor  
  62  4:55  Drone x3  
  62  4:56  Drone  
  62  4:59  Spore Crawler  
  64  5:00  Drone  
  64  5:06  Drone  
  64  5:07  Extractor, Drone x2  
  67  5:08  Extractor  
  67  5:10  Drone x2  
  67  5:11  Drone x3  
  67  5:13  Baneling  
  71  5:16  Zergling x6  
  71  5:19  Zergling x2  
  75  5:23  Drone  
  75  5:32  Zergling x6  
  78  5:38  Overlord  
  78  5:39  Overlord  
  78  5:43  Overlord  
  78  5:45  Overlord  
  72  5:50  Spire  
  72  5:53  Drone x7  
  78  5:59  Drone x3  
  78  6:01  Overseer  
  78  6:03  Hatchery  
  78  6:04  Drone x3  
  82  6:06  Baneling x2  
  82  6:07  Zergling x2  
  82  6:08  Drone x2  
  86  6:16  Zergling x12  
  92  6:23  Zerg Melee Weapons Level 2  
  92  6:27  Zergling x8  
  94  6:37  Overlord  
  94  6:42  Spine Crawler  
  94  6:44  Spine Crawler  
  91  7:05  Mutalisk x13  
  117  7:09  Mutalisk  
  116  7:22  Overlord  
  116  7:23  Mutalisk x2  
  116  7:29  Zergling x2  
  121  7:33  Zergling x8  
  120  7:40  Zergling x6  
  120  7:41  Zergling x2  
  120  7:42  Mutalisk, Zergling x4  
  117  7:46  Zergling x4  
  115  7:52  Mutalisk x2, Hatchery  
  117  8:00  Zergling x6  
  116  8:07  Mutalisk x2  
  116  8:12  Hatchery  
  119  8:16  Zergling x4  
  116  8:25  Overseer  
  116  8:31  Mutalisk x2  
  120  8:38  Pneumatized Carapace  
  120  8:40  Hatchery  
  118  8:42  Zergling x10  
  119  8:48  Zergling x2  
  116  8:59  Mutalisk x2  
  117  9:15  Mutalisk x2  
  121  9:26  Queen, Drone x6  
  121  9:30  Zerg Flyer Weapons Level 1  
  129  9:33  Overseer  
  129  9:39  Overlord  
  129  9:41  Overlord  
  129  9:42  Overseer  
  129  9:43  Overlord  
  129  9:56  Overlord  
  129  9:58  Mutalisk x4  
  137  10:00  Zergling x6  
  137  10:01  Zergling x2, Overseer  
  141  10:11  Mutalisk  
  141  10:12  Mutalisk  
  145  10:15  Extractor, Drone x3  
  145  10:16  Drone x3  
  145  10:17  Extractor  
  149  10:23  Drone x3  
  149  10:24  Drone x2  
  154  10:32  Mutalisk x3  
  154  10:34  Drone  
  161  10:45  Mutalisk x2  
  161  10:48  Overlord  
  161  10:49  Overlord  
  165  10:50  Mutalisk  
  165  10:54  Centrifical Hooks  
  165  10:55  Overlord  
  167  11:00  Overlord  
  167  11:01  Overlord  
  167  11:02  Overlord  
  167  11:04  Overlord  
  167  11:06  Overlord  
  167  11:11  Overlord  
  167  11:14  Overlord  
  167  11:19  Mutalisk x3  
  167  11:22  Overlord  
  167  11:24  Drone  
  174  11:48  Baneling x18  
  174  11:50  Mutalisk x4  
  182  11:58  Zergling x10  
  185  12:05  Hatchery, Baneling x5  
  185  12:08  Overlord  
  184  12:17  Mutalisk x3  
  180  12:22  Mutalisk  
  172  12:32  Baneling x8  
  163  12:40  Zergling x14  
  163  12:41  Zergling x14  
  158  12:53  Mutalisk x3  
  162  13:04  Mutalisk x3  
  120  13:16  Zergling x2  
  120  13:17  Zergling x4  
  120  13:19  Mutalisk  
  116  13:25  Mutalisk  
  120  13:34  Mutalisk  
  120  13:38  Hatchery  
  120  13:39  Extractor  
  120  13:42  Extractor  
  120  13:43  Lair  
  118  13:58  Zergling x8  
  118  14:01  Baneling x4  
  118  14:02  Hatchery  
  120  14:10  Zergling x8  
  124  14:19  Zergling x2  
  124  14:23  Zergling x4  
  127  14:26  Baneling x8  
  127  14:33  Zergling x2  
  127  14:34  Zergling x6  
  131  14:44  Baneling Nest, Spire  
  128  14:51  Zergling x2  
  128  14:52  Zergling x4  
  129  14:59  Zergling x8  
  133  15:08  Drone  
  133  15:09  Drone x2  
  136  15:20  Zergling x6  
  138  15:35  Drone x2  
  136  15:37  Drone x7  
  136  15:38  Queen  
  136  15:40  Extractor  
  136  15:41  Extractor  
  136  15:42  Queen  
  145  15:52  Baneling x3  
  145  15:53  Baneling x9  
  145  16:04  Baneling  
  145  16:05  Baneling x6  
  145  16:06  Zergling x18  
  154  16:31  Zergling x2  
  154  16:32  Zergling x24  
  158  16:38  Mutalisk x2  
  140  16:42  Mutalisk  
  132  16:47  Mutalisk x3  
  134  16:55  Zergling x10  
  134  16:59  Overseer  
  139  17:03  Queen  
  139  17:04  Drone x3  
  139  17:07  Zergling x2  
  144  17:13  Mutalisk x2  
  146  17:19  Baneling x6  
  146  17:26  Mutalisk  
  148  17:31  Zergling x8  
  142  17:39  Overlord  
  142  17:41  Mutalisk x2  
  142  17:50  Zergling x8  
  129  17:54  Mutalisk  
  124  17:59  Mutalisk  
Show
View Real Time Build Order
Export as new Build Order

LiquidTLO Zerg 

Build Orders: Hatch First 

Get SALT Encoding   

  12  0:00  Drone  
  13  0:08  Drone  
  14  0:17  Overlord  
  14  0:36  Drone x2  
  16  0:50  Hatchery  
  16  0:53  Drone  
  16  0:57  Drone  
  17  1:01  Drone  
  18  1:07  Extractor  
  17  1:18  Spawning Pool  
  16  1:21  Drone  
  16  1:23  Drone  
  18  1:34  Drone  
  19  1:43  Overlord  
  19  1:52  Drone  
  20  2:04  Queen x2  
  20  2:05  Zergling x2  
  25  2:09  Metabolic Boost  
  25  2:13  Drone  
  26  2:16  Drone  
  26  2:20  Drone  
  28  2:24  Drone  
  28  2:25  Drone  
  30  2:42  Hatchery  
  29  2:48  Queen  
  31  2:53  Overlord  
  31  2:58  Zergling x2  
  32  3:00  Zergling x4  
  32  3:02  Zergling x2  
  35  3:05  Zergling x2  
  35  3:11  Baneling Nest  
  35  3:13  Drone  
  35  3:15  Drone  
  37  3:23  Drone x2  
  37  3:24  Zergling x4  
  41  3:29  Drone  
  41  3:31  Drone  
  44  3:34  Drone  
  44  3:43  Overlord  
  44  3:47  Overlord  
  44  3:53  Overlord  
  44  3:54  Drone  
  43  3:57  Baneling x2  
  43  3:58  Drone  
  43  4:00  Drone x2  
  43  4:01  Drone  
  43  4:02  Drone  
  48  4:04  Drone  
  48  4:07  Drone  
  48  4:08  Evolution Chamber  
  49  4:10  Drone  
  49  4:11  Drone  
  49  4:16  Drone  
  52  4:17  Drone x2  
  52  4:18  Drone  
  52  4:19  Drone  
  52  4:22  Drone  
  57  4:26  Drone  
  57  4:27  Drone  
  57  4:32  Drone  
  57  4:34  Zerg Missile Weapons Level 1  
  57  4:36  Extractor, Drone  
  57  4:37  Extractor  
  57  4:38  Extractor, Zergling x2, Drone  
  57  4:39  Zergling x2  
  57  4:41  Drone  
  57  4:43  Zergling x4  
  57  4:44  Zergling x2  
  57  4:45  Drone  
  62  4:50  Drone  
  63  4:54  Roach Warren, Drone  
  63  4:55  Drone  
  64  5:02  Baneling, Drone x2  
  64  5:03  Drone x3  
  67  5:10  Drone  
  67  5:11  Drone  
  69  5:15  Lair  
  69  5:16  Drone  
  69  5:17  Extractor, Drone  
  69  5:19  Drone x2  
  72  5:21  Evolution Chamber  
  72  5:22  Drone x2  
  72  5:25  Baneling x2  
  72  5:28  Zergling x2  
  74  5:31  Overlord  
  74  5:32  Overlord  
  74  5:40  Overlord  
  74  5:42  Overlord  
  73  5:44  Drone  
  73  5:46  Overlord  
  73  5:47  Hatchery  
  71  5:50  Drone  
  71  5:54  Drone  
  71  5:56  Roach x4  
  81  6:01  Roach x3  
  81  6:03  Roach  
  89  6:05  Baneling x4  
  89  6:08  Roach  
  89  6:09  Roach  
  89  6:11  Roach  
  95  6:12  Roach  
  95  6:14  Roach  
  95  6:16  Overlord  
  99  6:19  Glial Reconstitution  
  99  6:21  Roach  
  99  6:25  Zerg Ground Armor Level 1  
  100  6:26  Burrow  
  100  6:27  Roach x2  
  100  6:29  Roach x2  
  100  6:30  Roach  
  100  6:32  Roach  
  106  6:35  Roach  
  106  6:36  Roach  
  106  6:38  Roach  
  112  6:41  Roach x2  
  112  6:44  Roach  
  112  6:47  Overlord  
  118  6:50  Zerg Missile Weapons Level 2  
  118  6:52  Roach  
  120  6:54  Drone  
  120  6:57  Roach, Extractor  
  120  6:58  Overlord  
  122  7:03  Overlord x2  
  124  7:08  Roach  
  124  7:09  Overlord  
  124  7:10  Roach  
  124  7:12  Roach  
  127  7:16  Roach  
  127  7:18  Roach  
  127  7:19  Roach  
  127  7:21  Roach  
  127  7:22  Roach  
  137  7:24  Roach  
  137  7:25  Roach  
  137  7:26  Roach  
  137  7:28  Roach  
  137  7:29  Roach x7  
  145  7:32  Roach  
  145  7:33  Roach  
  145  7:34  Roach  
  149  7:40  Roach x2  
  149  7:41  Roach  
  149  7:43  Roach  
  153  7:44  Roach  
  153  7:47  Roach  
  153  7:49  Roach  
  153  7:51  Roach  
  149  7:53  Roach  
  149  7:57  Roach  
  137  8:02  Roach  
  125  8:06  Roach x2  
  125  8:08  Roach  
  125  8:09  Queen  
  125  8:10  Roach  
  125  8:12  Roach  
  129  8:18  Roach  
  131  8:20  Tunneling Claws  
  131  8:24  Spore Crawler  
  131  8:25  Hydralisk Den  
  131  8:26  Spore Crawler x2  
  122  8:27  Spore Crawler, Drone  
  122  8:29  Spore Crawler  
  122  8:33  Spore Crawler, Drone x2  
  119  8:39  Roach, Spore Crawler  
  120  8:42  Spore Crawler  
  111  8:52  Drone  
  100  9:01  Muscular Augments, Hydralisk x7  
  104  9:03  Drone  
  104  9:06  Hydralisk  
  104  9:09  Drone x2  
  101  9:16  Zerg Ground Armor Level 2  
  101  9:18  Spore Crawler, Hydralisk  
  101  9:23  Spore Crawler  
  101  9:31  Hydralisk x4  
  101  9:33  Hydralisk  
  109  9:39  Queen  
  109  9:42  Queen  
  109  9:45  Hydralisk  
  115  9:48  Hydralisk x2  
  115  9:51  Hydralisk  
  121  9:54  Hydralisk  
  121  9:57  Hydralisk  
  121  9:59  Hydralisk  
  123  10:08  Hydralisk x2  
  123  10:15  Hydralisk  
  123  10:17  Overseer  
  125  10:22  Zergling x2  
  125  10:23  Zergling x2  
  125  10:24  Hydralisk  
  129  10:29  Hydralisk  
  129  10:32  Hydralisk  
  129  10:33  Overlord  
  129  10:34  Queen x3  
  139  10:39  Hydralisk  
  139  10:40  Hydralisk  
  139  10:41  Overlord  
  143  10:45  Overlord  
  143  10:46  Zergling x2  
  143  10:48  Overlord  
  143  10:49  Hydralisk x21  
  142  10:52  Overlord  
  142  10:53  Overlord  
  142  11:04  Zergling x2  
  142  11:05  Zergling x2  
  142  11:06  Zergling x4  
  142  11:08  Roach x4  
  142  11:10  Roach  
  156  11:12  Roach  
  156  11:17  Hydralisk x2  
  164  11:18  Roach  
  164  11:19  Baneling  
  164  11:20  Baneling x2  
  164  11:26  Roach  
  164  11:27  Roach x2  
  164  11:29  Roach  
  172  11:34  Pneumatized Carapace, Baneling  
  172  11:36  Overseer  
  168  11:41  Roach x2  
  168  11:45  Roach  
  173  11:48  Roach x2  
  173  11:51  Roach  
  173  11:52  Roach x3  
  173  11:54  Spine Crawler  
  178  11:56  Spore Crawler, Spine Crawler  
  178  11:58  Roach  
  178  11:59  Roach  
  178  12:03  Baneling x4  
  178  12:07  Roach  
  182  12:08  Roach  
  182  12:13  Roach  
  184  12:21  Roach  
  184  12:22  Roach x2  
  184  12:23  Baneling  
  184  12:26  Roach  
  182  12:30  Spore Crawler, Baneling x6  
  182  12:32  Roach x2  
  185  12:42  Overlord  
  174  12:45  Hydralisk  
  174  12:47  Roach, Zergling x2  
  177  12:52  Hydralisk x3  
  177  13:00  Roach  
  177  13:01  Roach x2  
  177  13:02  Hydralisk  
  152  13:07  Hydralisk  
  152  13:09  Roach x2  
  138  13:13  Hydralisk  
  138  13:17  Hydralisk  
  128  13:22  Hydralisk  
  122  13:29  Queen x2, Drone x2  
  122  13:31  Hydralisk  
  125  13:34  Roach x2  
  125  13:39  Hydralisk  
  121  13:44  Queen  
  121  13:46  Hydralisk  
  121  13:47  Overlord  
  103  13:50  Roach  
  103  13:51  Hydralisk  
  103  13:53  Drone  
  103  13:54  Drone  
  103  13:57  Spore Crawler, Drone  
  103  13:58  Drone  
  104  14:05  Queen  
  104  14:07  Drone x2  
  104  14:08  Infestation Pit  
  107  14:10  Hydralisk  
  107  14:14  Drone  
  108  14:17  Drone x2  
  108  14:23  Roach x3  
  114  14:28  Roach  
  114  14:29  Roach  
  114  14:31  Roach  
  118  14:45  Infestor  
  118  14:46  Infestor x2  
  118  14:52  Roach  
  126  14:54  Roach x2  
  126  14:55  Roach  
  126  14:56  Roach  
  126  14:57  Roach  
  134  15:02  Roach x3  
  134  15:04  Hydralisk x2  
  134  15:07  Roach x4  
  136  15:10  Roach  
  136  15:11  Roach  
  142  15:15  Roach  
  142  15:17  Roach  
  142  15:20  Roach  
  148  15:22  Roach  
  148  15:27  Roach x2  
  154  15:29  Roach  
  154  15:31  Roach  
  154  15:34  Roach  
  158  15:37  Roach  
  158  15:39  Roach  
  158  15:40  Overseer  
  158  15:51  Overlord, Infestor x3, Overseer x3  
  158  15:56  Roach  
  162  15:57  Roach  
  162  16:03  Hydralisk x3  
  168  16:10  Roach  
  170  16:12  Roach  
  170  16:15  Roach x2  
  170  16:17  Hydralisk  
  176  16:33  Hydralisk x2  
  176  16:39  Hydralisk x3  
  158  16:40  Hydralisk  
  158  16:42  Hydralisk x4  
  158  16:43  Hydralisk  
  152  16:47  Roach x15  
  152  16:48  Hydralisk  
  152  16:50  Hydralisk  
  144  16:54  Roach  
  144  16:57  Infestor  
  148  17:02  Hydralisk  
  148  17:05  Hydralisk  
  148  17:06  Roach x3  
  152  17:09  Hydralisk  
  152  17:14  Hydralisk x2  
  158  17:18  Hydralisk  
  158  17:21  Roach x4  
  160  17:23  Hydralisk  
  160  17:25  Hydralisk  
  160  17:29  Roach  
  160  17:33  Roach  
  160  17:34  Roach  
  150  17:41  Hydralisk x2  
  118  17:54  Roach  
Tags
 
Add a new tag
Caveats
  • Supply blocks, unpowered buildings, or Contaminate may cause inaccurate times.
  • Supply counts are checked every 10 seconds.